 Seeded DCSS version 0.30-a0-393-g54b8e3be05 (webtiles) character file.

Game seed: 11916014755159813444 (custom seed)

37818 flotson the Fighter (level 13, -1/95 HPs)
             Began as a Demonspawn Delver on Dec 5, 2022.
             Was an Elder of Hepliaklqana.
             Slain by a death yak (11 damage)
             ... on level 2 of the Lair of Beasts.
             The game lasted 00:28:41 (14642 turns).

flotson the Fighter (Demonspawn Delver)            Turns: 14642, Time: 00:28:42

Health: -1/95      AC: 27    Str: 23    XL:     13   Next: 60%
Magic:  0/19       EV:  8    Int: 15    God:    Hepliaklqana [****..]
Gold:   906        SH: 12    Dex: 15    Spells: 12/12 levels left

rFire   + + +      SeeInvis .    a - +9 sling "Piaro" {drain, rN+}
rCold   + + .      Faith    .    U - +2 shield of Resistance {rF++ rC++ Will++}
rNeg    + . .      Spirit   +    X - +3 plate armour {rF+}
rPois   +          Reflect  .    Y - +2 helmet {Int+3}
rElec   .          Harm     .    C - +2 cloak {rCorr}
rCorr   +          Rampage  .    n - +0 pair of gloves
Will    ++...                    o - +0 pair of boots
Stlth   ..........               (no amulet)
HPRegen 0.35/turn                A - ring of poison resistance
MPRegen 0.32/turn                s - +6 ring of strength

@: studying Fighting
A: reduced essence, molten scales 1, foul stench 2, magic shield, magic
regeneration, demonic touch 2
a: Renounce Religion, Recall Ancestor, Ancestor Identity, Transference, Idealise


You were on level 2 of the Lair of Beasts.
You worshipped Hepliaklqana.
Hepliaklqana was greatly pleased with you.
You visited 3 branches of the dungeon, and saw 15 of its levels.
You also visited: Volcano.

You collected 1002 gold pieces.
You spent 96 gold pieces at shops.

Inventory:

Hand Weapons
 a - the +9 sling "Piaro" (weapon) {drain, rN+}
   (You found it on level 3 of the Dungeon)

   A truly terrible weapon, it drains the life of any living foe it strikes.
   rN:        It protects you from negative energy.
 b - a +0 demon whip of venom
 c - a +4 trident
 F - a +1 whip of electrocution
 M - a +0 scimitar of flaming
Missiles
 j - 3 boomerangs
 k - 3 throwing nets
 q - 31 poisoned darts
 L - 3 curare-tipped darts
 W - 3 javelins
Armour
 n - a +0 pair of gloves (worn)
 o - a +0 pair of boots (worn)
 C - a +2 cloak of preservation (worn)
 D - a scarf of shadows
 U - the +2 shield of Resistance (worn) {rF++ rC++ Will++}
   (You found it on level 8 of the Dungeon)

   rF:        It greatly protects you from fire.
   rC:        It greatly protects you from cold.
   Will:      It greatly increases your willpower.
 X - a +3 plate armour of fire resistance (worn)
 Y - a +2 helmet of intelligence (worn)
Jewellery
 h - a +4 ring of evasion
 s - a +6 ring of strength (right hand)
 A - a ring of poison resistance (left hand)
Wands
 g - a wand of digging (10)
 t - a wand of paralysis (16)
 z - a wand of mindburst (10)
 S - a wand of polymorph (12)
 Z - a wand of flame (5)
Scrolls
 d - a scroll of magic mapping
 e - a scroll of fear
 i - 5 scrolls of vulnerability {unknown}
 p - 4 scrolls of noise {unknown}
 u - 4 scrolls of immolation {unknown}
 x - a scroll of enchant armour {unknown}
 y - 7 scrolls of teleportation {unknown}
 E - a scroll of torment {unknown}
 G - 2 scrolls of acquirement {unknown}
 I - 9 scrolls of fog
 N - 4 scrolls of enchant weapon {unknown}
 R - a scroll of blinking {unknown}
 T - 3 scrolls of poison {unknown}
Potions
 f - 3 potions of haste
 l - 2 potions of might
 m - 3 potions of invisibility
 r - a potion of mutation
 v - a potion of berserk rage
 w - a potion of ambrosia
 B - 2 potions of lignification
 H - 3 potions of heal wounds
 J - a potion of cancellation
 K - 2 potions of resistance
 O - a potion of curing
 P - a potion of flight
 Q - 2 potions of degeneration


   Skills:
 + Level 11.1 Fighting
 - Level 1.7(2.5) Axes
 + Level 2.8(3.1) Maces & Flails
 + Level 9.5 Ranged Weapons
 + Level 7.7 Throwing
 + Level 7.6 Armour
 + Level 8.0 Dodging
 - Level 5.0 Stealth
 + Level 7.2 Shields
 - Level 8.0 Invocations
 + Level 8.3 Evocations


You had 12 spell levels left.
You didn't know any spells.
Your spell library contained the following spells:

 Spells                   Type           Power      Damage    Failure   Level
 Beastly Appendage        Tmut           0%         N/A       100%        1
 Blink                    Tloc           0%         N/A       100%        2
 Momentum Strike          Conj/Tloc      0%         3d8       100%        2
 Wereblood                Tmut           0%         N/A       100%        2
 Gell's Gravitas          Tloc           0%         N/A       100%        3
 Lesser Beckoning         Tloc           0%         N/A       100%        3
 Spider Form              Tmut/Pois      0%         N/A       100%        3
 Teleport Other           Tloc           0%         N/A       100%        3


Dungeon Overview and Level Annotations

Branches:
Dungeon (10/15)            Temple (1/1) D:6            Lair (4/5) D:10
  Swamp (0/4) Lair:3       Spider (0/4) Lair:2      Volcano (visited)
  Slime: Lair:4-5       Orc: D:9-12

Altars:
Ashenzari
Cheibriados
Dithmenos
Fedhas
Gozag
Hepliaklqana
Kikubaaqudgha
Makhleb
Nemelex Xobeh
Okawaru
Qazlal
Ru
Sif Muna
Trog
Uskayaw
Vehumet
Wu Jian
Xom
Yredelemnul

Shops:
D:3 (   D:6 [   D:8 (**(


Innate Abilities, Weirdness & Mutations

Your life essence is reduced to manifest your ancestor. (-10% HP)
You are partially covered in molten scales. (AC +2)
You sometimes emit foul miasma when damaged in melee.
When hurt, damage is shared between your health and your magic reserves.
You regenerate magic rapidly.
Your touch may inflict irresistible damage on your foes.


Message History

The sling bullet hits the komodo dragon!
You kill the komodo dragon!
The death yak gores you! x2; You block the death yak's attack.
The death yak gores you!
* * * LOW HITPOINT WARNING * * *
The death yak gores you!
* * * LOW HITPOINT WARNING * * *
You block the death yak's attack. The death yak attacks as you move away!
The death yak gores you but does no damage.
The death yak attacks as you move away!
The death yak gores you but does no damage.
The death yak attacks as you move away! You block the death yak's attack.
The death yak attacks as you move away!
The death yak gores you but does no damage.
The death yak completely misses you.
There is a stone staircase leading down here.
The death yak attacks as you move away! The death yak barely misses you.
The death yak seems less drained.
The death yak attacks as you move away! The death yak gores you.
* * * LOW HITPOINT WARNING * * *
There is a stone staircase leading up here.
You block the death yak's attack. The death yak gores you.
* * * LOW HITPOINT WARNING * * *
You climb upwards.
There is a stone staircase leading down here.
The death yak attacks as you move away! The death yak closely misses you.
The death yak attacks as you move away! The death yak gores you!!
* * * LOW HITPOINT WARNING * * *
You emit a cloud of foul miasma!
The death yak is engulfed in dark miasma.
The death yak is poisoned.
The death yak attacks as you move away! You block the death yak's attack.
The death yak attacks as you move away! The death yak barely misses you.
The death yak attacks as you move away! You block the death yak's attack.
You see here a +0 war axe.
As you read the scroll of fear, it crumbles to dust.
You assume a fearsome visage.
The death yak looks frightened!
The death yak resists with some effort.
The death yak gores you!
You die...

.P.....######.........#...#######
.............................##..
.....................[...........
....>............................
............P...........P.#......
.#...............................
....................[............
................<................
.....#....#.#...@Y............[..
......P..##.##...................
........##...##.Y................
........##...##...........##.....
.......##.....##......○.#######.#
......##......##.....>.## ###
.....####......###....P# ...###
#.......##...#### ....#
#........#P...#


You could see 2 death yaks.

Vanquished Creatures
  A hydra (Lair:2)
  2 centaur warriors (D:8)
  An ogre mage (Volcano)
  3 two-headed ogres (Volcano)
  4 death yaks
  A hell knight (Volcano)
  Amaemon (Lair:2)
  2 bog bodies (Lair:3)
  An oklob plant (D:3)
  A manticore (D:7)
  4 elephants
  3 black mambas
  5 cane toads
  An orange demon (Lair:2)
  A rime drake (Lair:3)
  A kobold demonologist (D:8)
  A rime drake (shapeshifter) (D:8)
  3 komodo dragons
  2 polar bears
  A troll (D:9)
  A hornet (D:6)
  5 blink frogs
  A dream sheep (Lair:2)
  27 yaks
  A wraith (D:10)
  4 wyverns
  4 basilisks
  2 fire bats (Lair:2)
  A steam dragon (D:6)
  A redback (Lair:2)
  3 vampire mosquitoes (D:10)
  2 acid dragons
  7 water moccasins
  An ice beast (D:8)
  4 orc warriors
  A sky beast (D:6)
  A black bear (D:8)
  2 ogres
  9 wolves
  5 centaurs
  4 kobold brigands
  4 bullfrogs
  3 scorpions
  3 gnoll sergeants
  14 wights
  5 killer bees (D:8)
  4 howler monkeys (D:7)
  4 jellies
  3 hounds
  4 orc priests
  Crazy Yiuf (D:5)
  2 gnoll boudas
  An iguana (D:7)
  9 orc wizards
  15 gnolls
  4 adders
  A shadow imp (D:8)
  A white imp (D:5)
  An ufetubus (D:7)
  A dart slug (D:1)
  4 worms
  33 orcs
  6 ball pythons
  11 bats
  4 endoplasms
  9 giant cockroaches
  4 goblins
  10 hobgoblins
  2 jackals (D:3)
  4 quokkas
  3 frilled lizards
  26 kobolds
  4 rats
325 creatures vanquished.

Vanquished Creatures (collateral kills)
  2 hydras
  A boulder beetle (Lair:2)
  A catoblepas (Lair:1)
  An elephant (Lair:3)
  2 black mambas (Lair:2)
  A komodo dragon (Lair:1)
  2 cane toads (Lair:2)
  9 blink frogs
  A wyvern (Lair:1)
  12 yaks
  A fire bat (Lair:2)
  6 water moccasins
  5 wolves
  4 bullfrogs
  2 orc priests
  An orc wizard (D:10)
  A gnoll (D:8)
  2 orcs
54 creatures vanquished.

Vanquished Creatures (others)
  A sky beast (D:7)
  7 ancestors
  9 battlemagi
  A bush (Lair:1)
  9 fungi
  10 plants
37 creatures vanquished.

Grand Total: 416 creatures vanquished

Notes
Turn   | Place    | Note
-------+----------+-------------------------------------------
     0 | D:5      | flotson the Demonspawn Delver began the quest for the Orb.
     0 | D:5      | Reached XP level 1. HP: 18/18 MP: 1/1
   195 | D:4      | Gained mutation: Your touch may inflict minor irresistible
                  | damage on your foes. [demonic ancestry]
   195 | D:4      | Reached XP level 2. HP: 6/24 MP: 2/2
   398 | D:3      | Identified the +1 helmet of the Desolation of Salt {-Tele
                  | rC+++ Str+3 Int+3}
   417 | D:3      | Identified the +9 sling "Piaro" {drain, rN+}
   466 | D:3      | Gained mutation: You regenerate magic rapidly. [demonic
                  | ancestry]
   466 | D:3      | Reached XP level 3. HP: 29/29 MP: 3/3
   510 | D:3      | Reached skill level 1 in Evocations
   543 | D:2      | Found a basalt altar of Yredelemnul.
   552 | D:1      | Reached skill level 1 in Armour
   678 | D:1      | Reached skill level 1 in Ranged Weapons
   866 | D:1      | Reached XP level 4. HP: 35/35 MP: 4/4
  1547 | D:3      | Found a broken altar of Ashenzari.
  1653 | D:3      | Found Sonwivuc's Antique Weapon Boutique.
  1809 | D:3      | Found a blossoming altar of Fedhas.
  1835 | D:3      | Noticed an oklob plant
  2391 | D:4      | Noticed a scorpion
  2396 | D:4      | Killed a scorpion
  2397 | D:4      | Reached skill level 1 in Throwing
  2397 | D:4      | Reached skill level 5 in Stealth
  2397 | D:4      | Gained mutation: Your touch may inflict irresistible damage
                  | on your foes. [demonic ancestry]
  2397 | D:4      | Reached XP level 5. HP: 27/41 MP: 5/5
  3056 | D:5      | Noticed an ogre
  3061 | D:5      | Killed an ogre
  3062 | D:5      | Reached XP level 6. HP: 38/48 MP: 6/6
  3248 | D:5      | Reached skill level 4 in Fighting
  3248 | D:5      | Gained mutation: You may rarely emit foul miasma when
                  | damaged in melee. [demonic ancestry]
  3248 | D:5      | Reached XP level 7. HP: 26/54 MP: 7/7
  3386 | D:5      | Found an ornate altar of the Wu Jian Council.
  3782 | D:5      | Found a runed translucent door.
  3783 | D:5      | Noticed Crazy Yiuf
  3790 | D:5      | Killed Crazy Yiuf
  4234 | D:5      | Found a sparkling altar of Nemelex Xobeh.
  4234 | D:5      | Found a transporter.
  4235 | D:5      | Noticed a yak
  4251 | D:5      | Killed a yak
  4252 | D:5      | Reached skill level 1 in Shields
  4841 | D:3      | Killed an oklob plant
  4842 | D:3      | Reached XP level 8. HP: 61/61 MP: 8/8
  4919 | D:6      | Found Nuhem's Antique Armour Emporium.
  4948 | D:6      | Noticed a hornet
  4951 | D:6      | Paralysed by a hornet for 2 turns
  4952 | D:6      | Killed a hornet
  5092 | D:6      | Found a shadowy altar of Dithmenos.
  5121 | D:6      | Reached skill level 5 in Fighting
  5121 | D:6      | Reached skill level 5 in Ranged Weapons
  5167 | D:6      | Found a staircase to the Ecumenical Temple.
  5176 | Temple   | Entered the Ecumenical Temple
  5446 | D:6      | Found a hazy altar of Hepliaklqana.
  5509 | D:6      | Became a worshipper of Hepliaklqana the Forgotten
  5578 | D:6      | Gained mutation: You sometimes emit foul miasma when
                  | damaged in melee. [demonic ancestry]
  5578 | D:6      | Reached XP level 9. HP: 31/68 MP: 9/9
  5600 | D:6      | Reached skill level 1 in Invocations
  5862 | D:6      | Found a snail-covered altar of Cheibriados.
  6575 | D:7      | Noticed a manticore
  6589 | D:7      | Killed a manticore
  7104 | D:8      | Reached * piety under Hepliaklqana
  7109 | D:8      | Found the +2 shield of Resistance {rF++ rC++ Will++}
  7111 | D:8      | Found Pulirueti's Antique Weapon Emporium.
  7124 | D:8      | Noticed a rime drake
  7128 | D:8      | Killed a rime drake
  7158 | D:8      | Reached XP level 10. HP: 53/68 MP: 12/12
  7170 | D:8      | Reached skill level 5 in Dodging
  7529 | D:8      | Reached skill level 6 in Fighting
  7685 | D:8      | Reached skill level 5 in Evocations
  7692 | D:8      | Noticed a centaur warrior
  7707 | D:8      | Killed a centaur warrior
  7806 | D:8      | Noticed a rust devil
  7808 | D:8      | Noticed a smoke demon
  7889 | D:8      | Found Cathrid's Weapon Emporium.
  7981 | D:8      | Found Enubaeba's Assorted Antiques.
  7989 | D:8      | Bought a scroll labelled ZITUVV USTREONN for 26 gold pieces
  7989 | D:8      | Bought a fizzy clear potion for 23 gold pieces
  7989 | D:8      | Bought a fizzy silvery potion for 23 gold pieces
  8044 | D:8      | Noticed a centaur warrior
  8055 | D:8      | Killed a centaur warrior
  8056 | D:8      | Reached skill level 5 in Armour
  8275 | D:8      | Reached skill level 5 in Invocations
  8412 | D:8      | Reached skill level 5 in Throwing
  8461 | D:8      | Found Buutyreth's General Store.
  9169 | D:9      | Reached XP level 11. HP: 74/74 MP: 15/15
  9826 | D:10     | Entered Level 10 of the Dungeon
  9830 | D:10     | Reached skill level 7 in Fighting
 10186 | D:10     | Reached ** piety under Hepliaklqana
 10187 | D:10     | Remembered your ancestor Nomusa as a battlemage
 10220 | D:10     | Found a staircase to the Lair.
 10274 | D:10     | Reached skill level 5 in Shields
 10581 | D:10     | Found a stormy altar of Qazlal.
 10581 | D:10     | Found a basalt altar of Yredelemnul.
 10581 | D:10     | Found a sacrificial altar of Ru.
 10723 | Lair:1   | Entered Level 1 of the Lair of Beasts
 10799 | Lair:1   | Reached skill level 8 in Fighting
 11161 | Lair:1   | Gained mutation: You are partially covered in molten
                  | scales. (AC +2) [demonic ancestry]
 11161 | Lair:1   | Reached XP level 12. HP: 73/84 MP: 17/17
 11234 | Lair:1   | Noticed a catoblepas
 11243 | Lair:1   | Killed a catoblepas
 11290 | Lair:1   | Noticed a death yak
 11292 | Lair:1   | Noticed a death yak
 11297 | Lair:1   | Noticed a death yak
 11302 | Lair:1   | Killed a death yak
 11303 | Lair:1   | Reached skill level 9 in Fighting
 11322 | Lair:1   | Killed a death yak
 11355 | Lair:1   | Killed a death yak
 11577 | Lair:1   | Reached *** piety under Hepliaklqana
 11808 | Lair:2   | Noticed Amaemon
 11863 | Lair:2   | Killed Amaemon
 11873 | Lair:2   | Found a dark tunnel.
 11882 | Volcano  | Entered a volcano
 12084 | Volcano  | Noticed a two-headed ogre
 12094 | Volcano  | Killed a two-headed ogre
 12254 | Volcano  | Noticed an ogre mage
 12256 | Volcano  | Noticed a two-headed ogre
 12257 | Volcano  | Noticed a two-headed ogre
 12264 | Volcano  | Killed a two-headed ogre
 12273 | Volcano  | Killed an ogre mage
 12274 | Volcano  | Killed a two-headed ogre
 12275 | Volcano  | Reached skill level 10 in Fighting
 12633 | Lair:2   | Noticed a boulder beetle
 12637 | Lair:2   | Found a hole to the Spider Nest.
 12753 | Lair:2   | Gained mutation: When hurt, damage is shared between your
                  | health and your magic reserves. [demonic ancestry]
 12753 | Lair:2   | Reached XP level 13. HP: 91/92 MP: 19/19
 12798 | Lair:2   | Reached skill level 1 in Maces & Flails
 13030 | Lair:2   | Reached **** piety under Hepliaklqana
 13659 | Lair:3   | Reached skill level 11 in Fighting
 13941 | Lair:3   | Found a staircase to the Swamp.
 14173 | D:8      | Bought a scroll of identify for 24 gold pieces
 14642 | Lair:2   | Slain by a death yak

Illustrated notes

Levels and vault maps discovered:
D:1:      scummos_arrival_star, layout_basic
D:2:      layout_rooms, basic_altar
D:3:      layout_basic, general_overflow_altar, tgw_fedhas, serial_shops, shop
D:4:      layout_basic
D:5:      layout_loops_ring, grunt_nemelex_the_gamble, amcnicky_altar_gilded,
          tso_altar, uniq_crazy_yiuf_cottage
D:6:      layout_loops_ring, lemuel_round_altar, mainiacjoe_overflow_alcove_1,
          mainiacjoe_overflow_alcove_4, minmay_temple_entry_junction_2,
          serial_shops, nicolae_shop_overgrown_old_shop
D:7:      layout_basic, minmay_small_thing
D:8:      minmay_opposing_rooms, layout_basic, serial_shops,
          nicolae_shop_advertising_works [nicolae_subvault_shop_adworks],
          nicolae_shop_hallway_plus, nicolae_shop_bloodbath_and_beyond,
          nicolae_take_the_stairs, minmay_manual_moon
D:9:      layout_layer_cave, minmay_orc_keep
D:10:     layout_loops_ring, gammafunk_temple_overflow_forgotten,
          david_lair_generic
Temple:   minmay_temple_curvy_loop
Lair:1:   layout_misc_corridors, st_stairs_7, grunt_megastairs_1
Lair:2:   nzn_winding_woodlands_medium [nzn_winding_woodlands_5x5_open_star,
          nzn_winding_woodlands_5x15_longhouse,
          nzn_winding_woodlands_5x5_checkerboard,
          nzn_winding_woodlands_hourglass, nzn_winding_woodlands_center_lodge,
          nzn_winding_woodlands_5x5_perimeter, nzn_winding_woodlands_5x5_three,
          nzn_winding_woodlands_5x15_split_checker,
          nzn_winding_woodlands_5x5_default], layout_hall_layers,
          spider_nest_entry_rubble, nicolae_volcano_entry_batcave, uniq_amaemon
Lair:3:   layout_roguey, skrybe_swamp_entry_bodies
Lair:4:   layout_long_grid, minmay_slime_entry_oklob_enclosed,
          lemuel_oklob_altar, serial_bayou_shore_b, lemuel_fruit_fields,
          serial_bayou_shore_b, lemuel_fruit_fields, grunt_megastairs_2

Skill      XL: |  1  2  3  4  5  6  7  8  9 10 11 12 13 |
---------------+----------------------------------------+-----
Dodging        | 2 3 4 5 6 7 8 |  8.0
Evocations     | 1 2 3 4 5 6 7 8 |  8.3
Armour         | 1 2 3 4 5 6 7 |  7.6
Ranged Weapons | 1 2 3 4 5 6 7 8 9 |  9.5
Throwing       | 1 2 3 4 5 6 7 |  7.7
Stealth        | 5 |  5.0
Fighting       | 4 5 6 8 10 11 | 11.1
Shields        | 2 3 4 5 6 7 |  7.2
Invocations    | 3 5 7 8 |  8.0
Maces & Flails | 2 |  2.8
Axes           | |  1.7

Action                   |  1- 3 |  4- 6 |  7- 9 | 10-12 | 13-15 || total
-------------------------+-------+-------+-------+-------+-------++-------
Melee: Flail             |    26 |       |       |       |       ||    26
       Hand axe          |     3 |       |       |       |       ||     3
       Punch             |     1 |       |       |       |       ||     1
       Touch             |     2 |       |       |       |       ||     2
       Sling             |       |       |       |     2 |       ||     2
       Demon whip        |       |       |       |    25 |       ||    25
       Whip              |       |       |       |    17 |       ||    17
 Fire: Sling             |    43 |   130 |   252 |   669 |   175 ||  1269
Invok: Ancestor Life: Ba |       |       |       |     1 |       ||     1
Evoke: Wand              |     1 |       |     1 |     2 |       ||     4
  Use: Potion            |       |       |     1 |     7 |       ||     8
       Scroll            |       |       |       |     3 |    10 ||    13
 Stab: Sleeping          |     1 |       |       |       |       ||     1
Armor: Scale mail        |    21 |    17 |    51 |       |       ||    89
       Ring mail         |       |       |    10 |   143 |       ||   153
       Skin              |       |       |       |    21 |       ||    21
       Plate armour      |       |       |       |    17 |   100 ||   117
       Chain mail        |       |       |       |     5 |       ||     5
Dodge: Dodged            |    20 |    24 |    52 |   299 |    89 ||   484
Block: Buckler           |       |       |     3 |       |       ||     3
       Kite shield       |       |       |    56 |   291 |   101 ||   448

Table legend: (Time is in decaauts)
 A = Elapsed time spent in this place.
 B = Non-inter-level travel time spent in this place.
 C = Inter-level travel time spent in this place.
 D = Time resting spent in this place.
 E = Time spent auto-exploring this place.
 F = Levels seen in this place.
 G = Mean time per level.
                   A        B        C        D        E       F      G
               +--------+--------+--------+--------+--------+-----+--------+
         Total |  15159 |  14142 |   1017 |    780 |  10377 |  16 |  947.4 |
       Dungeon |  11051 |  10223 |    828 |    780 |   7422 |  10 | 1105.1 |
        Temple |    217 |    193 |     24 |      0 |    190 |   1 |  217.0 |
          Lair |   3326 |   3161 |    165 |      0 |   2352 |   4 |  831.5 |
       Volcano |    564 |    564 |      0 |      0 |    413 |   1 |  564.0 |
               +--------+--------+--------+--------+--------+-----+--------+

Top non-repeatable levels by time:
     D:8: 1530 daAuts
     D:3: 1442 daAuts
     D:5: 1352 daAuts
     D:9: 1298 daAuts
  Lair:2: 1262 daAuts
     D:4: 1254 daAuts
  Lair:1: 1122 daAuts
     D:7: 1112 daAuts
     D:6: 1063 daAuts
    D:10: 998 daAuts
  Lair:3: 910 daAuts
     D:1: 596 daAuts
 Volcano: 564 daAuts
     D:2: 401 daAuts
  Temple: 217 daAuts
